 Dungeon Crawl Stone Soup version 0.26.0-16-gc1dbca0489 (webtiles) character file.

Game seed: 8624241073314601341

23772 AlmostDecent the Severer (level 13, -17/81 HPs)
             Began as a Gargoyle Fighter on Jan 19, 2021.
             Was a High Priest of Okawaru.
             Killed from afar by a lindwurm (44 damage)
             ... with a blast of flame
             ... on level 3 of the Lair of Beasts.
             The game lasted 01:00:04 (17001 turns).

AlmostDecent the Severer (Gargoyle Fighter)        Turns: 17001, Time: 01:00:05

Health: -17/81     AC: 26    Str: 30    XL:     13   Next: 8%
Magic:  11/13      EV: 13    Int: 12    God:    Okawaru [*****.]
Gold:   317        SH:  9    Dex: 13    Spells: 12/12 levels left

rFire    . . .     SeeInvis .   h - +6 broad axe (freeze)
rCold    . . .     Faith    +   J - +3 buckler "Leotsuip" {Will++ Dex+2}
rNeg     + + .     Spirit   .   x - +1 scale mail of the Realm of Zot {+Inv Will+ Str+3 Int-4}
rPois    ∞         Reflect  .   M - +1 hat
rElec    +         Harm     .   U - +2 cloak
rCorr    .         Rampage  .   D - +0 pair of gloves
Will     +++..                  (no boots)
Stlth    ++........             C - amulet of faith
HPRegen  0.23/turn              q - ring "Otaeh" {rN+ Str+5}
MPRegen  0.13/turn              G - +6 ring of intelligence

@: heroism
A: negative energy resistance 1, electricity resistance, unbreathing,
petrification resistance, miasma immunity, AC +9
a: Renounce Religion, Evoke Invisibility, Heroism, Finesse


You were on level 3 of the Lair of Beasts.
You worshipped Okawaru.
Okawaru was extremely pleased with you.
You visited 2 branches of the dungeon, and saw 15 of its levels.
You also visited: Sewer, Ossuary and Gauntlet.

You collected 1109 gold pieces.
You spent 792 gold pieces at shops.

Inventory:

Hand Weapons
 h - a +6 broad axe of freezing (weapon)
 L - a +0 demon trident
 N - a +4 dire flail of venom
 S - a +1 battleaxe of flaming
Missiles
 F - 4 boomerangs (quivered)
Armour
 x - the +1 scale mail of the Realm of Zot (worn) {+Inv Will+ Str+3 Int-4}
   (You found it on level 4 of the Dungeon)

   It affects your strength (+3).
   It affects your intelligence (-4).
   It affects your willpower, your defense against some magical effects.
   It lets you turn invisible.
 D - a +0 pair of gloves (worn)
 J - the +3 buckler "Leotsuip" (worn) {Will++ Dex+2}
   (Okawaru gifted it to you on level 9 of the Dungeon)

   It affects your dexterity (+2).
   It affects your willpower, your defense against some magical effects.
 M - a +1 hat (worn)
 P - the -2 hat of the Alchemist {rElec rPois rF+ rC+ rN+ Will+ rMut rCorr}
   (You bought it in a shop on level 11 of the Dungeon)

   It protects you from fire.
   It protects you from cold.
   It insulates you from electricity.
   It protects you from poison.
   It protects you from negative energy.
   It affects your willpower, your defense against some magical effects.
   It provides partial protection from all sources of acid and corrosion.
   It protects you from mutation.
 U - a +2 cloak (worn)
Jewellery
 q - the ring "Otaeh" (left hand) {rN+ Str+5}
   (You found it in a sewer)

   [ring of positive energy]

   It affects your strength (+5).
   It protects you from negative energy.
 C - an amulet of faith (around neck)
 G - a +6 ring of intelligence (right hand)
 I - an uncursed ring of fire
Wands
 a - a wand of disintegration (18)
 c - a wand of polymorph (17)
 j - a wand of random effects (34)
 l - a wand of flame (84)
 r - a wand of acid (6)
 z - a wand of paralysis (30)
Scrolls
 e - 11 scrolls of teleportation
 g - a scroll of fear
 m - 3 scrolls of blinking
 s - 2 scrolls of enchant weapon
 t - 6 scrolls of magic mapping
 w - 2 scrolls of enchant armour
 y - a scroll of holy word
 B - 3 scrolls of fog
 E - 6 scrolls of remove curse
 H - 3 scrolls of amnesia
 T - 2 scrolls of identify
Potions
 b - a potion of berserk rage {unknown}
 f - 2 potions of invisibility
 i - 3 potions of brilliance
 k - 10 potions of curing
 n - 5 potions of lignification
 o - 2 potions of haste
 p - 8 potions of flight
 u - 2 potions of cancellation
 v - 4 potions of might
 A - 2 potions of ambrosia {unknown}
 K - a potion of magic {unknown}
 O - a potion of mutation {unknown}
Miscellaneous
 R - a lightning rod (4/4)


   Skills:
 + Level 9.6(14.6) Fighting
 + Level 16.0(21.0) Axes
 + Level 1.2(15.8) Polearms
 + Level 1.5(6.5) Throwing
 * Level 8.2(13.2) Armour
 + Level 2.9(7.9) Stealth
 + Level 4.1(9.1) Shields
 + Level 0.9 Invocations


You had 12 spell levels left.
You didn't know any spells.
Your spell library contained the following spells:

 Spells                   Type           Power        Failure   Level
 Animate Skeleton         Necr           0%           50%         1
 Corona                   Hex            0%           50%         1
 Pain                     Necr           0%           50%         1
 Summon Small Mammal      Summ           0%           50%         1
 Call Imp                 Summ           0%           65%         2
 Ensorcelled Hibernation  Hex/Ice        0%           65%         2
 Call Canine Familiar     Summ           0%           86%         3
 Confusing Touch          Hex            0%           86%         3
 Dazzling Flash           Conj/Hex       0%           86%         3
 Summon Guardian Golem    Hex/Summ       0%           86%         3
 Tukima's Dance           Hex            0%           86%         3
 Vampiric Draining        Necr           0%           86%         3
 Animate Dead             Necr           0%           99%         4
 Summon Ice Beast         Ice/Summ       0%           99%         4
 Summon Lightning Spire   Summ/Air       0%           99%         4
 Agony                    Necr           0%           100%        5
 Bolt of Magma            Conj/Fire/Erth 0%           100%        5
 Iskenderun's Battlesphe  Conj           0%           100%        5
 Iron Shot                Conj/Erth      0%           100%        6
 Orb of Destruction       Conj           0%           100%        7
 Spellforged Servitor     Conj/Summ      0%           100%        7


Dungeon Overview and Level Annotations

Branches:
Dungeon (12/15)            Temple (0/1) D:6            Lair (3/6) D:10
  Snake (0/4) Lair:2          Orc (0/2) D:9           Sewer (visited)
Ossuary (visited)         Gauntlet (visited)
  Swamp: Lair:2-4    Shoals: Lair:2-4

Altars:
Dithmenos
Fedhas
Hepliaklqana
Okawaru
Qazlal
Ru
Trog
Yredelemnul
Zin

Shops:
D:6 ?   D:7 ?   D:9 (   D:11 **(}

Annotations:
Lair:1 exclusion: oklob plant
Lair:3 3 runed translucent doors, Ruicvywi's ghost, journeyman OgTm


Innate Abilities, Weirdness & Mutations

You are resistant to torment.
Your stone body is resilient. (AC +9)
You are immune to poison.
You resist negative energy. (rN+)
You are resistant to electric shocks. (rElec)
You can survive without breathing.
You are immune to petrification.
You are immune to miasma.


Message History

The bush is engulfed in blazing flames.
The bush is engulfed in blazing flames. x3
The bush is destroyed!
The lindwurm is engulfed in blazing flames.
The bush is engulfed in blazing flames.
The lindwurm is engulfed in blazing flames.
You block the lindwurm's attack.
The lindwurm claws you but does no damage.
The lindwurm closely misses you.
You slash the lindwurm! You freeze the lindwurm.
The lindwurm is moderately wounded.
You hit the bush. You freeze the bush. You slash the bush! You freeze the bush.
You hit the bush but do no damage. You slash the bush! You freeze the bush.
You slash the bush! You freeze the bush.
The bush is engulfed in blazing flames. x2
The lindwurm is engulfed in blazing flames.
The lindwurm breathes flames at you. The blast of flame hits you!!!
Ouch! That really hurt!
You die... ##.P...P.P ....P .###..P.PPP.PPP[P.P## ............P...P...# ......PPP.PPPPP.P.P

## ...#...P.....P.☼☼P.P
.
##......PPPPP.P☼§PP.P.#
........P......☼☼.P.P.#
...P....P.PPP.PPP.PPP.#
...PP...P.P...P.@k☼☼P.#
...##...P.PPPPPPPP§§P.#
..##...#.....#.#☼#...#
##.##.................#
#P.#P.............##P.#
................... ###
..................#
...†..............#
.........##...#..


You could see a lindwurm (catching breath).

Vanquished Creatures
  2 hydras
  A boulder beetle (D:9)
  2 two-headed ogres
  A death yak (D:10)
  An unseen horror (D:12)
  Pikel (D:4)
  An ugly thing (D:12)
  A cyclops (D:12)
  An elephant (D:10)
  A black mamba (Lair:1)
  2 cane toads (Lair:2)
  A centaur skeleton (D:10)
  A kobold demonologist (D:11)
  6 komodo dragons
  A hornet (D:11)
  2 trolls
  A meliai zombie (D:10)
  Sigmund (D:3)
  25 yaks
  A vampire (D:12)
  2 wyverns
  Eustachio (D:5)
  A steam dragon (D:10)
  3 basilisks
  Menkaure (D:4)
  A naga (Lair:2)
  6 water moccasins
  A black bear (D:10)
  4 ice beasts
  4 phantoms
  7 orc warriors
  A sky beast (D:9)
  A necrophage (D:7)
  7 ogres
  16 wolves
  4 centaurs
  4 lemures (D:4)
  3 big kobolds
  Blork the orc (D:4)
  11 bullfrogs
  A water moccasin skeleton (D:6)
  10 scorpions
  5 killer bees (D:8)
  7 howler monkeys
  4 electric eels (D:9)
  4 bullfrog zombies
  6 centaur zombies
  4 hounds
  2 jellies
  4 human zombies (Ossuary)
  9 orc priests
  11 orc wizards
  A bullfrog skeleton (D:8)
  Terence (D:3)
  Ijyb (D:5)
  8 iguanas
  A merfolk avatar (Sewer)
  A merfolk siren (Sewer)
  8 worker ants
  2 big kobold zombies (Ossuary)
  3 mummies (Ossuary)
  11 gnolls
  2 scorpion zombies (Ossuary)
  15 adders
  2 river rats (Sewer)
  A shadow imp (D:3)
  3 white imps
  2 ufetubi
  2 worms
  4 dart slugs
  8 leopard geckos
  43 orcs
  3 bats
  3 giant cockroaches
  4 goblins
  A hobgoblin (D:1)
  11 jackals
  A quokka (D:2)
  11 ball pythons
  14 frilled lizards
  2 gnoll zombies (Ossuary)
  A goblin zombie (Ossuary)
  4 hobgoblin zombies (Ossuary)
  19 kobolds
  2 kobold zombies (Ossuary)
  3 orc zombies (Ossuary)
  3 quokka skeletons
  31 rats
431 creatures vanquished.

Vanquished Creatures (others)
  5 orcs (D:9)
  3 bushes (Lair:3)
  6 fungi
  28 plants
42 creatures vanquished.

Grand Total: 473 creatures vanquished

Notes
Turn   | Place    | Note
-------+----------+-------------------------------------------
     0 | D:1      | AlmostDecent the Gargoyle Fighter began the quest for the
                  | Orb.
     0 | D:1      | Reached XP level 1. HP: 14/14 MP: 1/1
   252 | D:1      | Reached XP level 2. HP: 15/19 MP: 2/2
   260 | D:1      | Reached skill level 2 in Axes
   533 | D:1      | Reached XP level 3. HP: 23/23 MP: 3/3
  1047 | D:2      | Reached skill level 3 in Axes
  1103 | D:2      | Reached XP level 4. HP: 26/29 MP: 4/4
  1515 | D:3      | Found a sacrificial altar of Ru.
  1523 | D:3      | Noticed Terence
  1542 | D:3      | Killed Terence
  1723 | D:3      | Found a glowing drain.
  1733 | Sewer    | Entered a sewer
  1863 | Sewer    | Reached skill level 4 in Axes
  1863 | Sewer    | Reached XP level 5. HP: 28/33 MP: 5/5
  2084 | Sewer    | Noticed a malarious merfolk avatar
  2122 | Sewer    | Killed a malarious merfolk avatar
  2139 | Sewer    | Got a smoking golden ring
  2144 | Sewer    | Identified the ring "Otaeh" {rN+ Str+5} (You found it in a
                  | sewer)
  2162 | D:3      | Found an iron altar of Okawaru.
  2177 | D:3      | Became a worshipper of Warmaster Okawaru
  2299 | D:3      | Noticed Sigmund
  2334 | D:3      | Killed Sigmund
  2335 | D:3      | Reached skill level 5 in Axes
  2335 | D:3      | Reached XP level 6. HP: 27/38 MP: 6/6
  2951 | D:3      | Found a hazy altar of Hepliaklqana.
  3054 | D:4      | Reached skill level 6 in Axes
  3054 | D:4      | Reached XP level 7. HP: 36/44 MP: 7/7
  3115 | D:4      | Noticed Menkaure
  3123 | D:4      | Killed Menkaure
  3123 | D:4      | Reached * piety under Okawaru
  3545 | D:4      | Noticed Pikel
  3568 | D:4      | Killed Pikel
  3568 | D:4      | Reached ** piety under Okawaru
  3569 | D:4      | Reached skill level 7 in Axes
  3569 | D:4      | Reached XP level 8. HP: 32/48 MP: 8/8
  3729 | D:4      | Found a basalt altar of Yredelemnul.
  3779 | D:4      | Reached skill level 8 in Axes
  3919 | D:4      | Reached skill level 5 in Fighting
  3961 | D:4      | Got a faintly humming scale mail
  3972 | D:4      | Identified the +1 scale mail of the Realm of Zot {+Inv
                  | Will+ Str+3 Int-4} (You found it on level 4 of the Dungeon)
  4129 | D:4      | Noticed Blork the orc
  4143 | D:4      | Killed Blork the orc
  4166 | D:5      | Entered Level 5 of the Dungeon
  4166 | D:5      | Noticed Eustachio
  4176 | D:5      | Killed Eustachio
  4211 | D:5      | Reached skill level 9 in Axes
  4259 | D:5      | Found a sand-covered staircase.
  4276 | Ossuary  | Entered an ossuary
  4353 | Ossuary  | Reached XP level 9. HP: 49/54 MP: 9/9
  4373 | Ossuary  | Reached *** piety under Okawaru
  4474 | Ossuary  | Reached skill level 10 in Axes
  5066 | D:5      | Noticed Ijyb
  5075 | D:5      | Killed Ijyb
  5644 | D:6      | Reached skill level 11 in Axes
  5776 | D:6      | Reached **** piety under Okawaru
  5964 | D:6      | Found Ankul's Magic Scroll Shoppe.
  5972 | D:6      | Bought 2 scrolls of identify for 48 gold pieces
  5972 | D:6      | Bought a scroll of identify for 24 gold pieces
  5972 | D:6      | Identified a scroll of acquirement
  6046 | D:6      | Found a staircase to the Ecumenical Temple.
  6425 | D:7      | Reached XP level 10. HP: 58/61 MP: 10/10
  6535 | D:7      | Found a stormy altar of Qazlal.
  6942 | D:7      | Found Meneh's Magic Scroll Shop.
  6945 | D:7      | Bought a scroll of identify for 30 gold pieces
  6945 | D:7      | Bought a scroll of identify for 30 gold pieces
  6948 | D:7      | Acquired a +6 broad axe of freezing
  7256 | D:8      | Reached skill level 12 in Axes
  7260 | D:8      | Reached skill level 1 in Stealth
  7294 | D:8      | Found a stormy altar of Qazlal.
  7304 | D:8      | Found a blossoming altar of Fedhas.
  7314 | D:8      | Noticed a two-headed ogre
  7320 | D:8      | Killed a two-headed ogre
  7320 | D:8      | Reached ***** piety under Okawaru
  7647 | D:8      | Found a glowing silver altar of Zin.
  8156 | D:9      | Noticed a boulder beetle
  8164 | D:9      | Killed a boulder beetle
  8164 | D:9      | Received a gift from Okawaru
  8165 | D:9      | Reached skill level 13 in Axes
  8167 | D:9      | Got an ichor-stained buckler {god gift}
  8178 | D:9      | Identified the +3 buckler "Leotsuip" {Will++ Dex+2}
                  | (Okawaru gifted it to you on level 9 of the Dungeon)
  8499 | D:9      | Reached XP level 11. HP: 67/67 MP: 11/11
  8875 | D:9      | Found Kyfidao's Weapon Boutique.
  9137 | D:9      | Found a shadowy altar of Dithmenos.
  9361 | D:9      | Found a staircase to the Orcish Mines.
  9930 | D:10     | Entered Level 10 of the Dungeon
  9982 | D:10     | Reached skill level 1 in Throwing
 10380 | D:10     | Reached skill level 14 in Axes
 10691 | D:10     | Noticed a death yak
 10696 | D:10     | Killed a death yak
 10696 | D:10     | Received a gift from Okawaru
 10732 | D:10     | Found a staircase to the Lair.
 11437 | D:11     | Found a gate leading to a gauntlet.
 11493 | Gauntlet | Entered a Gauntlet
 11493 | Gauntlet | Found a transporter.
 11493 | Gauntlet | Found a transporter.
 11494 | Gauntlet | Found a runed translucent door.
 11497 | Gauntlet | Found a transporter.
 11499 | Gauntlet | Found a transporter.
 11501 | Gauntlet | Found a transporter.
 11501 | Gauntlet | Found a transporter.
 11509 | Gauntlet | Noticed a wizard
 11531 | Gauntlet | Noticed a tengu warrior
 11539 | Gauntlet | Found a transporter.
 11540 | Gauntlet | Found a transporter.
 11543 | Gauntlet | Found a runed translucent door.
 11543 | Gauntlet | Found a runed translucent door.
 11547 | Gauntlet | Found a transporter.
 11561 | Gauntlet | Noticed a fire crab
 11564 | Gauntlet | Found a transporter.
 11579 | Gauntlet | Found a transporter.
 11583 | Gauntlet | Found a transporter.
 11597 | Gauntlet | Noticed a tengu warrior
 11757 | D:11     | Received a gift from Okawaru
 11766 | D:11     | Got a scorched buckler {god gift}
 11777 | D:11     | Identified the +1 buckler of Heashiwure {Will+} (Okawaru
                  | gifted it to you on level 11 of the Dungeon)
 11978 | D:11     | Found Huluetz's General Store.
 12029 | D:11     | Found Juvin's Weapon Boutique.
 12187 | D:11     | Reached skill level 15 in Axes
 12189 | D:11     | Reached XP level 12. HP: 64/75 MP: 12/12
 12385 | D:11     | Found Eskeme's Gadget Boutique.
 12429 | D:11     | Reached ****** piety under Okawaru
 12586 | D:11     | Found Jutex's General Store.
 12591 | D:11     | Bought the -2 hat of the Alchemist {rElec rPois rF+ rC+ rN+
                  | Will+ rMut rCorr} for 660 gold pieces
 12591 | D:11     | Found the -2 hat of the Alchemist {rElec rPois rF+ rC+ rN+
                  | Will+ rMut rCorr}
 12892 | D:12     | Noticed a two-headed ogre
 12900 | D:12     | Killed a two-headed ogre
 13620 | Lair:1   | Entered Level 1 of the Lair of Beasts
 13715 | Lair:1   | Received a gift from Okawaru
 13973 | Lair:1   | Reached skill level 5 in Armour
 14546 | Lair:1   | Found a bloodstained altar of Trog.
 14625 | Lair:1   | Noticed an eight-headed hydra
 14819 | Lair:1   | Killed a four-headed hydra
 15602 | Lair:2   | Noticed an eight-headed hydra
 15610 | Lair:2   | Killed a five-headed hydra
 15610 | Lair:2   | Received a gift from Okawaru
 15755 | Lair:2   | Reached skill level 1 in Polearms
 16113 | Lair:2   | Found a staircase to the Snake Pit.
 16210 | Lair:2   | Reached XP level 13. HP: 74/80 MP: 13/13
 16918 | Lair:3   | Found a runed translucent gate.
 16918 | Lair:3   | Found a runed translucent gate.
 16918 | Lair:3   | Found a runed translucent gate.
 16918 | Lair:3   | Noticed Ruicvywi's ghost (journeyman OgTm)
 16960 | Lair:3   | Reached skill level 16 in Axes
 16964 | Lair:3   | Found the +11 plutonium sword {*Contam Stlth-}
 17001 | Lair:3   | Killed from afar by a lindwurm

Illustrated notes

Levels and vault maps discovered:
D:1:      dpeg_arrival_castle, layout_basic
D:2:      layout_rooms, serial_bayou, serial_bayou_ford_a, serial_bayou_pond_d,
          serial_bayou_pond_b, serial_bayou_pond_e, serial_bayou_crossing,
          serial_bayou_pond_e
D:3:      layout_loops_ring, nicolae_overflow_hidden_temple,
          nicolae_ru_awakened_eye, cheibrodos_sewer_entry_sluice,
          dk_noncrumbling_4, okawaru_metal_pillars_3, uniq_terence, uniq_sigmund
D:4:      minmay_evil_eye, layout_gridville, lemuel_doored_altar,
          chequers_serial_rivers_micro_c, kennysheep_generic_room_7, uniq_pikel,
          uniq_menkaure, uniq_blork_the_orc
D:5:      layout_loops_ring, chequers_ossuary_entry_cave, uniq_ijyb,
          uniq_eustachio
D:6:      layout_rooms, minmay_temple_entry_glassed_door, serial_shops, shop
D:7:      layout_cave_pods, serial_shops, nicolae_shop_behind_doors,
          david_defended_altar_elf
D:8:      layout_basic, zin_statuary, grunt_qazlal_clouds, fedhas_altar_2
D:9:      layout_loops_corners, erik_orc_2, basic_altar, serial_shops, shop
D:10:     layout_basic, david_lair_generic, minmay_starry_boxes
D:11:     layout_loops_ring, gauntlet_entry_generic, serial_shops, shop, shop,
          kennysheep_mini, shop
D:12:     layout_basic
Lair:1:   beast_lair_carwin_large_1, layout_layer_cave, basic_altar
Lair:2:   layout_cave_pods, guppyfry_snake_entry_garden, patterned_corridor
Lair:3:   layout_regular_city, elwin_shoals_entry_stream,
          gammafunk_ghost_hydra_chop, minmay_hedge_maze, guppyfry_lair_drakes

Skill      XL: |  1  2  3  4  5  6  7  8  9 10 11 12 13 |
---------------+----------------------------------------+-----
Axes           | 2 3 4 5 6 7 9 11 13 15 16 | 16.0
Fighting       | 4 5 6 7 8 9 |  9.6
Stealth        | 1 2 |  2.9
Throwing       | 1 |  1.5
Armour         | 7 8 |  8.2
Shields        | 4 |  4.1
Polearms       | 1 |  1.2
Invocations    | |  0.9

Action                   |  1- 3 |  4- 6 |  7- 9 | 10-12 | 13-15 || total
-------------------------+-------+-------+-------+-------+-------++-------
Melee: War axe           |   118 |   279 |   407 |    31 |       ||   835
       Broad axe         |       |       |       |   466 |    25 ||   491
       Battleaxe         |       |       |       |    23 |       ||    23
       Demon trident     |       |       |       |     6 |       ||     6
Throw: Boomerang         |       |       |       |    30 |       ||    30
Invok: Heroism           |       |       |     3 |     9 |     1 ||    13
  Use: Scroll            |       |     3 |    15 |    10 |       ||    28
       Potion            |       |     4 |     3 |     4 |       ||    11
Armor: Scale mail        |    26 |       |   153 |   231 |    13 ||   423
       Chain mail        |    47 |   172 |    54 |       |       ||   273
Dodge: Dodged            |    33 |    45 |   107 |   178 |     9 ||   372
Block: Kite shield       |    83 |   115 |   206 |    51 |       ||   455
       Buckler           |       |       |       |    89 |     7 ||    96
